 Dungeon Crawl Stone Soup version 0.19-a0-1886-gd64a0f0 (webtiles) character file.

140 sveltemanboy the Poker (level 5, 0/38 HPs)
             Began as a Demonspawn Gladiator on Oct 15, 2016.
             Slain by a rat (1 damage)
             ... on level 3 of the Dungeon.
             The game lasted 00:04:57 (3507 turns).

sveltemanboy the Poker (Demonspawn Gladiator)       Turns: 3507, Time: 00:04:57

Health: 0/38       AC:  5    Str: 16    XL:     5   Next: 2%
Magic:  5/5        EV: 12    Int:  9    God:
Gold:   72         SH:  0    Dex: 14    Spells: 0 memorised, 4 levels left

rFire  . . .     SeeInvis .     a - +0 trident
rCold  + . .     Gourm    .     h - +1 leather armour {MR+}
rNeg   . . .     Faith    .     (no shield)
rPois  .         Spirit   .     c - +0 helmet
rElec  .         Dismiss  .     (no cloak)
rCorr  .         Reflect  .     (no gloves)
MR     +....     Harm     .     (no boots)
Stlth  +.........               (no amulet)
                                (no ring)
                                (no ring)

@: no status effects
A: cold resistance 1, freezing cloud immunity
a: no special abilities


You were on level 3 of the Dungeon.
You were hungry.

You visited 1 branch of the dungeon, and saw 3 of its levels.

You collected 72 gold pieces.

Inventory:

Hand Weapons
 a - a +0 trident (weapon)
Missiles
 e - 76 stones (quivered)
 q - 6 tomahawks
Armour
 c - a +0 helmet (worn)
 h - a +1 leather armour of magic resistance (worn)
Wands
 m - a wand of teleportation (1/9)
Scrolls
 g - 2 scrolls of teleportation {unknown}
 k - a scroll of blinking {unknown}
 l - a scroll of magic mapping {unknown}
 n - a scroll of amnesia {unknown}
Potions
 b - a potion of agility
Comestibles
 f - 3 bread rations
 i - a meat ration
 j - a beef jerky
 o - 8 fruits


   Skills:
 - Level 2.0 Fighting
 * Level 4.6 Polearms
 - Level 1.7 Throwing
 + Level 2.0 Armour
 - Level 2.6 Dodging


You had 4 spell levels left.
You didn't know any spells.

Dungeon Overview and Level Annotations

Branches:
Dungeon (3/15)

Altars:

Annotations:
D:3 Grinder


Innate Abilities, Weirdness & Mutations

Your flesh is cold resistant. (rC+)
You are immune to freezing clouds.


Message History

The orc is heavily wounded.
The rat barely misses you. The orc hits you but does no damage.
The rat barely misses you. The rat bites you but does no damage.
The orc hits you but does no damage.
You hit the orc but do no damage.
The orc is heavily wounded.
The rat barely misses you. The orc hits you but does no damage.
The rat barely misses you. The rat closely misses you.
The orc priest hits you with a club. The orc misses you.
You closely miss the orc.
The orc is heavily wounded.
The rat bites you. The orc closely misses you.
The rat bites you but does no damage. x2
The orc priest calls down the wrath of Beogh upon you.
Beogh smites you!
* * * LOW HITPOINT WARNING * * *
The orc hits you with a club.
* * * LOW HITPOINT WARNING * * *
The rat bites you.
You die...

..# ..## ...
###### ..#. ......
..### #...... ..#
##........ ### .
##.........
#.###o.r.......
#....o@rb...... ..
......oor(......
##
....#..S........
................
........><.......
..............####
####..
..............#
#...
............#...
###.# ..##....S..#
##


You could see an orc priest, 3 orcs, a bat, a ball python and 3 rats.

Vanquished Creatures
  A hound zombie (D:2)
  A gnoll (D:1)
  3 adders
  2 oozes
  An adder skeleton (D:2)
  2 dart slugs (D:1)
  3 leopard geckos
  2 orcs (D:3)
  4 bats
  A bat skeleton (D:2)
  4 giant cockroaches
  8 hobgoblins
  6 jackals (D:1)
  A quokka (D:3)
  2 frilled lizards (D:3)
  8 goblins
  A jackal skeleton (D:2)
  A jackal zombie (D:2)
  6 kobolds
  A leopard gecko skeleton (D:2)
  A leopard gecko zombie (D:2)
  A quokka skeleton (D:2)
  6 rats
66 creatures vanquished.

Notes
Turn   | Place    | Note
-------+----------+-------------------------------------------
     0 | D:1      | sveltemanboy the Demonspawn Gladiator began the quest for the Orb.
     0 | D:1      | Reached XP level 1. HP: 16/16 MP: 1/1
    17 | D:1      | Reached skill level 3 in Polearms
   193 | D:1      | Gained mutation: Your flesh is cold resistant. (rC+) [demonic ancestry]
   193 | D:1      | Reached XP level 2. HP: 17/22 MP: 2/2
   726 | D:1      | Reached skill level 1 in Armour
   911 | D:1      | Reached XP level 3. HP: 23/27 MP: 3/3
  1661 | D:2      | Reached skill level 4 in Polearms
  1701 | D:2      | Gained mutation: You are immune to freezing clouds. [demonic ancestry]
  1701 | D:2      | Reached XP level 4. HP: 24/33 MP: 4/4
  3189 | D:3      | HP: 1/33 [poisoned by an adder]
  3203 | D:3      | Noticed Grinder
  3205 | D:3      | Paralysed by Grinder for 6 turns
  3223 | D:3      | Reached XP level 5. HP: 6/38 MP: 5/5
  3507 | D:3      | HP: 1/38 [orc/club (4)]
  3507 | D:3      | Slain by a rat

Vault maps used:
D:1:      dpeg_arrival_short_road, minmay_misc_feat_ornament, eino_curves_03
D:2:      first_bread, serial_undead, serial_undead_a, serial_undead_d,
          serial_undead_a, serial_undead_d, serial_undead_a, serial_undead_e,
          serial_undead_b, serial_undead_a
D:3:      gammafunk_temple_overflow_elements, trog_eyes_of_draining, hex_tiny,
          minmay_mini_jars, uniq_grinder

Skill      XL: |  1  2  3  4 |
---------------+-------------+-----
Polearms       | 3 4 |  4.6
Armour         | 1 2 |  2.0
Fighting       | |  2.0
Throwing       | |  1.7
Dodging        | |  2.6

Action                   |  1- 3 |  4- 6 || total
-------------------------+-------+-------++-------
Melee: Trident           |   166 |   120 ||   286
Throw: Throwing net      |     1 |     2 ||     3
       Stone             |       |     3 ||     3
Evoke: Wand              |       |     2 ||     2
  Use: Scroll            |       |     1 ||     1
       Potion            |       |     1 ||     1
 Stab: Sleeping          |     1 |     2 ||     3
       Distracted        |       |     1 ||     1
  Eat: Chunk             |     3 |     5 ||     8
Armor: Leather armour    |    56 |    40 ||    96
Dodge: Dodged            |   117 |   100 ||   217
